 Dungeon Crawl Stone Soup version 0.26.0-45-g9c1d065592 (webtiles) character file.

Game seed: 5910872410786068269

219 kreisler the Sneak (level 5, -8/57 HPs)
             Began as an Octopode Brigand on Jan 27, 2021.
             Mangled by an orc warrior
             ... wielding a +0 war axe
              (20 damage)
             ... on level 4 of the Dungeon.
             The game lasted 00:10:08 (2985 turns).

kreisler the Sneak (Octopode Brigand)               Turns: 2985, Time: 00:10:09

Health: -8/57      AC:  1    Str: 10    XL:     5   Next: 96%
Magic:  5/5        EV: 13    Int: 13    God:
Gold:   128        SH:  0    Dex: 15    Spells: 4/4 levels left

rFire    + . .     SeeInvis .   a - +2 dagger
rCold    . . .     Faith    .   (no shield)
rNeg     . . .     Spirit   .   (helmet restricted)
rPois    .         Reflect  .   (no amulet)
rElec    .         Harm     .   m - ring of stealth
rCorr    .         Rampage  .   (no ring)
Will     .....                  (no ring)
Stlth    ..........             (no ring)
HPRegen  0.19/turn              (no ring)
MPRegen  0.09/turn              (no ring)
                                (no ring)
                                (no ring)

@: berserking, very quick
A: almost no armour, stealthy swim, amphibious, 8 rings, constrict 8, antennae
1, camouflage 1, fire resistance 1, robust 1, wild magic 1, gelatinous body 1
a: no special abilities


You were on level 4 of the Dungeon.
You visited 1 branch of the dungeon, and saw 4 of its levels.

You collected 128 gold pieces.

Inventory:

Hand Weapons
 a - a +2 dagger (weapon)
Missiles
 b - 14 poisoned darts (quivered)
 c - 2 curare-tipped darts
 o - 6 atropa-tipped darts
Jewellery
 i - an uncursed amulet of magic regeneration
 m - a ring of stealth (left tentacle)
Scrolls
 e - 2 scrolls of random uselessness
 f - a scroll of fog
 h - 2 scrolls of remove curse
 j - a scroll of identify
 k - 2 scrolls of immolation
 n - a scroll of fear
Potions
 d - 3 potions of attraction


   Skills:
 + Level 2.4 Fighting
 + Level 3.4 Short Blades
 + Level 2.1 Throwing
 + Level 2.0 Dodging
 + Level 7.9 Stealth


You had 4 spell levels left.
You didn't know any spells.
Your spell library was empty.

Dungeon Overview and Level Annotations

Branches:
Dungeon (4/15)
 Temple: D:4-7

Altars:
Gozag
Xom
Yredelemnul


Innate Abilities, Weirdness & Mutations

You cannot wear most types of armour.
You are very stealthy in the water. (Stealth+)
You are amphibious.
You can wear up to eight rings at the same time.
You can use your tentacles to constrict eight enemies at once.
Your skin changes colour to match your surroundings (Stealth+).
Your rubbery body absorbs attacks. (AC +1, EV +1)
You have a pair of small antennae on your head.
Your flesh is heat resistant. (rF+)
You are robust. (+10% HP)
Your spells are a little harder to cast, but a little more powerful.


Message History

The orc warrior is heavily wounded.
You constrict the orc warrior. The orc warrior barely misses you.
You hit the orc warrior but do no damage.
The orc warrior is severely wounded.
You constrict the orc warrior.
The orc warrior hits you with a +0 war axe!!
* * * LOW HITPOINT WARNING * * *
You hit the orc warrior.
You squeeze the orc warrior, but do no damage.
The orc warrior is severely wounded.
You constrict the orc warrior, but do no damage.
The orc warrior hits you but does no damage.
A red film seems to cover your vision as you go berserk!
You feel yourself moving faster!
You feel mighty!
You constrict the orc warrior, but do no damage.
You hit the orc warrior.
The orc warrior is severely wounded.
You constrict the orc warrior.
The orc warrior hits you with a +0 war axe!!
You die...

#........#
#........##
#.........
#........#
#.......#
#...o...#
#..ooo..#
#o# #@# #<#
#.# #)# #.#
#.# #.. ###


You could see an orc warrior and 4 orcs.

Vanquished Creatures
  An ogre (D:4)
  Crazy Yiuf (D:3)
  2 adders
  An ooze (D:3)
  2 worms (D:2)
  2 dart slugs
  A leopard gecko (D:2)
  6 orcs (D:3)
  A ball python (D:1)
  8 bats
  2 giant cockroaches
  2 goblins
  9 hobgoblins
  3 jackals (D:1)
  2 quokkas
  5 frilled lizards
  13 kobolds
  5 rats
66 creatures vanquished.

Notes
Turn   | Place    | Note
-------+----------+-------------------------------------------
     0 | D:1      | kreisler the Octopode Brigand began the quest for the Orb.
     0 | D:1      | Reached XP level 1. HP: 14/14 MP: 1/1
   230 | D:1      | Reached XP level 2. HP: 17/19 MP: 2/2
   458 | D:1      | Reached skill level 6 in Stealth
   823 | D:1      | Reached XP level 3. HP: 20/24 MP: 3/3
   923 | D:1      | Gained mutation: You are robust. (+10% HP) [potion of
                  | mutation]
   923 | D:1      | Gained mutation: You have a pair of small antennae on your
                  | head. [potion of mutation]
   923 | D:1      | Gained mutation: Your flesh is heat resistant. (rF+)
                  | [potion of mutation]
   923 | D:1      | Gained mutation: Your spells are a little harder to cast,
                  | but a little more powerful. [potion of mutation]
  1134 | D:2      | Found an opulent altar of Gozag.
  1518 | D:2      | Reached XP level 4. HP: 31/31 MP: 4/4
  1662 | D:2      | Found a shimmering altar of Xom.
  2709 | D:3      | Found a runed translucent door.
  2710 | D:3      | Noticed Crazy Yiuf
  2720 | D:3      | Killed Crazy Yiuf
  2721 | D:3      | Reached skill level 7 in Stealth
  2721 | D:3      | Reached XP level 5. HP: 38/38 MP: 1/5
  2787 | D:3      | Found a basalt altar of Yredelemnul.
  2970 | D:4      | Noticed an ogre
  2972 | D:4      | Killed an ogre
  2974 | D:4      | Noticed an orc warrior
  2985 | D:4      | Mangled by an orc warrior

Illustrated notes

Levels and vault maps discovered:
D:1:      dpeg_arrival_simpleton_b, layout_rooms, amcnicky_mini_corridor_feature
D:2:      layout_basic, xom_teletrap_fun, nicolae_overflow_crystal_walls
D:3:      layout_loops_ring, nicolae_overflow_hidden_temple,
          uniq_crazy_yiuf_cottage
D:4:      layout_loops_ring, chequers_temple_overflow_minitemple,
          minmay_temple_entry_grid, minmay_goblin_kobold_house, uniq_duvessa,
          uniq_blork_the_orc

Skill      XL: |  1  2  3  4  5 |
---------------+----------------+-----
Stealth        | 6 7 |  7.9
Short Blades   | 3 |  3.4
Dodging        | 2 |  2.0
Fighting       | |  2.4
Throwing       | |  2.1

Action                   |  1- 3 |  4- 6 || total
-------------------------+-------+-------++-------
Melee: Dagger            |    87 |    61 ||   148
       Constrict         |    21 |    11 ||    32
       Tentacles         |     9 |     8 ||    17
  Use: Scroll            |     6 |     4 ||    10
       Potion            |     4 |     6 ||    10
 Stab: Sleeping          |     4 |    12 ||    16
       Distracted        |     1 |     1 ||     2
Armor: Skin              |     8 |     1 ||     9
Dodge: Dodged            |    62 |    25 ||    87
